 Dungeon Crawl Stone Soup version 0.15-a0-90-g85a0ca6 (webtiles) character file.

5982 Sabsy the Basher (level 10, -3/63 HPs)
             Began as a Demonspawn Chaos Knight on Apr 8, 2014.
             Was a Plaything of Xom.
             Slain by a kobold
             ... wielding a +2,+0 morningstar
              (7 damage)
             ... on Level 11 of the Dungeon.
             The game lasted 01:10:30 (9907 turns).

Sabsy the Basher (Demonspawn Chaos Knight)          Turns: 9907, Time: 01:10:30

HP  -3/63        AC 16     Str 14      XL: 10   Next: 45%
MP  10/10        EV  1     Int 16      God: Xom
Gold 369         SH 31     Dex 14      Spells:  0 memorised,  9 levels left

rFire  . . .     SeeInvis .     a - +0,+2 dagger
rCold  . . .     Clarity  .     y - +0 plate armour
rNeg   . . .     Conserve .     t - +1 large shield
rPois  .         rCorr    .     (helmet restricted)
rElec  .         rRot     .     j - +0 cloak
SustAb . .       Spirit   .     d - +0 pair of gloves
rMut   .         Warding  .     (no boots)
Saprov . . .     Stasis   .     (no amulet)
MR     .....                    (no ring)
                                k - ring of flight

@: very slightly contaminated, not resistant to hostile enchantments, extremely
unstealthy
A: claws 1, horns 1, talons 1, agile 1, blurry vision 1, breathe flames 1,
carnivore 1, clever 1, frail 1, nightstalker 1, spiny 1, weak 1
a: Renounce Religion, Breathe Fire, Evoke Flight


You were on level 11 of the Dungeon.
You worshipped Xom.
You were a special plaything of Xom.
You were hungry.

You visited 1 branch of the dungeon, and saw 11 of its levels.

You collected 369 gold pieces.

Inventory:

Hand weapons
 a - a +0,+2 dagger (weapon)
 b - a +0 blowgun
 I - a +1,+2 whip of flaming
Missiles
 g - 13 darts (quivered)
 i - 30 poisoned needles
 l - a curare-tipped needle
Armour
 d - a +0 pair of gloves (worn)
 j - a +0 cloak (worn)
 t - a +1 large shield (worn)
 y - a +0 plate armour (worn)
Magical devices
 c - a wand of lightning (0)
 r - a wand of digging (16)
 v - a wand of lightning (0)
 w - a wand of draining (1)
 K - a wand of draining (7)
 L - a wand of draining (6)
Comestibles
 f - a choko
 m - 4 meat rations
 E - 6 cheeses
 F - 3 bread rations
Scrolls
 e - 7 scrolls of remove curse
 h - 4 scrolls of identify
 n - a scroll of noise
 p - 3 scrolls of teleportation
 u - a scroll of random uselessness
 A - a scroll of blinking
 B - 5 scrolls of enchant armour
 D - a scroll of brand weapon
 G - 3 scrolls of recharging {unknown}
 J - a scroll of vulnerability {unknown}
Jewellery
 k - a ring of flight (left hand)
 H - an uncursed amulet of inaccuracy {unknown}
Potions
 q - a potion of might {unknown}
 s - 2 potions of curing
 z - a potion of beneficial mutation {unknown}
Books
 o - a Necronomicon {highlevel, unknown}

   This book is beyond your current level of understanding.

   Spells                             Type                      Level
   Haunt                              Necromancy/Summoning         7
   Borgnjor's Revivification          Necromancy                   8
   Death's Door                       Charms/Necromancy            8
   Necromutation                      Transmutation/Necromancy     8
 x - a book of Burglary

   Spells                             Type                      Level
   Apportation                        Translocation                1
   Swiftness                          Charms/Air                   2
   Passwall                           Transmutation/Earth          3
   Passage of Golubria                Translocation                4
   Lee's Rapid Deconstruction         Earth                        5
   Darkness                           Hexes                        7
 C - a book of the Sky

   Spells                             Type                      Level
   Flight                             Charms/Air                   3
   Airstrike                          Air                          4
   Silence                            Hexes/Air                    5
   Deflect Missiles                   Charms/Air                   6
   Conjure Ball Lightning             Conjuration/Air              6
   Tornado                            Air                          9


   Skills:
 - Level 3.8 Fighting
 + Level 8.6 Maces & Flails
 + Level 8.2 Armour
 - Level 2.5 Dodging
 - Level 1.5 Stealth
 + Level 7.8 Shields


You had 9 spell levels left.
You didn't know any spells.

Dungeon Overview and Level Annotations

Branches:
Dungeon (11/15)            Temple (0/1) D:7
    Orc: D:9-12        Lair: D:8-11

Altars:
Fedhas
Sif Muna
Trog
Zin
The Shining One

Shops:
D:4 ?   D:11 *}

Portals:
Ice
Cave: D:11

Annotations:
D:10 runewalsh's ghost, experienced OpIE


Innate Abilities, Weirdness & Mutations

You have sharp fingernails.
You have a pair of small horns on your head.
You have sharp toenails.
You are slightly more attuned to the shadows.
You are partially covered in sharp spines.
You are agile. (Dex +2)
Your vision is a little blurry.
You can breathe flames.
Your digestive system is specialised to digest meat.
Your mind is acute. (Int +2)
You are frail (-10% HP).
You are weak. (Str -2)


Message History

Evoke which item? (* to show all) (? for menu, Esc to quit)
Zapping:
r - a brass wand
Press: ? - help, Shift-Dir - straight line, f - kobold
Aim: a kobold, wielding a dagger Nothing appears to happen.
r - a wand of digging {zapped: 1} You block the killer bee's attack.
The killer bee stings you.
* * * LOW HITPOINT WARNING * * *
The kobold hits you but does no damage. You block the killer bee's attack.
The killer bee stings you!
* * * LOW HITPOINT WARNING * * *
Read which item? (? for menu, Esc to quit)
The writing blurs in front of your eyes. "This might be better!"
The kobold wields your +2,+0 morningstar!
You wield the kobold's dagger!
The killer bee stings you but does no damage. x2
The kobold hits you with a +2,+0 morningstar!
You die...
Xom snickers! ...... ..... . 9.... ... k.k

..... . .....
....K. ...... #..
......K## ....
......K@#.......
.......kk.........
........(.........
........Fu........
...##..............
.. #.w....u........
..)....ยง.........
.................
........u....#.. .


You could see 2 ugly things, a worm, a big kobold, a giant frog, 2 killer bees
and 2 kobolds.

Vanquished Creatures
  Pikel (D:5)
  A deep elf mage (D:10)
  5 yaks
  2 hungry ghosts
  A soldier ant (D:6)
  Edmund (D:7)
  5 ice beasts
  A phantom (D:7)
  2 ogres
  4 black bears (D:7)
  An orc warrior (D:5)
  A slave (D:5)
  Sigmund (D:7)
  Duvessa (D:6)
  2 centaurs (D:7)
  2 giant frogs
  Blork the orc (D:6)
  2 scorpions
  A hippogriff skeleton (D:6)
  4 killer bees (D:7)
  5 wights (D:8)
  A yak skeleton (D:11)
  Dowan (D:6)
  A crimson imp (D:8)
  A giant frog zombie (D:8)
  A centaur skeleton (D:6)
  2 goliath beetles (D:8)
  6 orc priests
  3 jellies
  Crazy Yiuf (D:6)
  2 quasits (D:5)
  A gnoll shaman (D:4)
  3 iguanas
  7 orc wizards
  7 worker ants
  A killer bee zombie (D:7)
  12 gnolls
  7 adders
  3 giant mites
  2 worms
  A shadow imp (D:7)
  2 giant eyeballs
  A giant eyeball (shapeshifter) (D:5)
  7 giant geckos
  28 orcs
  7 giant cockroaches
  6 goblins
  15 hobgoblins
  17 kobolds
  6 quokkas
  3 ball pythons
  17 bats
  7 giant newts
  2 goblin zombies (D:5)
  7 jackals (D:2)
  A kobold zombie (D:6)
  An orc skeleton (D:4)
  2 orc zombies
  7 rats
243 creatures vanquished.

Vanquished Creatures (collateral kills)
  A cyclops (D:8)
  A human (D:7)
  2 yaks (D:9)
  A wolf (D:6)
  An orc warrior (D:4)
  A phantom (D:6)
  2 slaves (D:5)
  2 ogres
  A giant frog (D:7)
  A crimson imp (D:7)
  A worker ant (D:5)
  3 sheep (D:7)
  3 orcs
  A bat (D:6)
  A giant cockroach (D:6)
  A kobold (D:9)
  A rat (D:9)
24 creatures vanquished.

Vanquished Creatures (others)
  A dancing weapon (D:8)
  A quasit (D:5)
  4 iron imps
  4 shadow imps
  2 white imps (D:9)
  2 ufetubi
  A giant spore (D:5)
15 creatures vanquished.

Grand Total: 282 creatures vanquished

Notes
Turn   | Place    | Note
--------------------------------------------------------------
     0 | D:1      | Sabsy, the Demonspawn Chaos Knight, began the quest for the Orb.
     0 | D:1      | Reached XP level 1. HP: 18/18 MP: 1/1
    82 | D:1      | Gained mutation: You have a pair of small horns on your head. [demonic ancestry]
    82 | D:1      | Reached XP level 2. HP: 24/24 MP: 2/2
   224 | D:1      | Reached skill level 1 in Dodging
   388 | D:1      | Reached skill level 1 in Stealth
   493 | D:1      | Reached XP level 3. HP: 26/29 MP: 3/3
   690 | D:2      | XOM: mild Fire miscast
   857 | D:2      | XOM: divination: detect creatures
   903 | D:2      | XOM: colour smoke trail
  1179 | D:2      | Gained mutation: You have sharp fingernails. [demonic ancestry]
  1179 | D:2      | Reached XP level 4. HP: 19/36 MP: 2/4
  1186 | D:2      | XOM: silly message
  1253 | D:2      | XOM: cast spell 'Beastly Appendage'
  2184 | D:3      | XOM: divination: detect creatures
  2304 | D:3      | XOM: divination: magic mapping
  2325 | D:3      | XOM: noise
  2326 | D:3      | Reached XP level 5. HP: 38/42 MP: 5/5
  2492 | D:3      | XOM: cast spell 'Spider Form'
  2892 | D:4      | XOM: scenery: 1 doors open, 1 doors close
  3186 | D:4      | Reached skill level 1 in Shields
  3232 | D:4      | XOM: confuse monster(s)
  3407 | D:4      | Found Mnir's Magic Scroll Shop.
  3452 | D:4      | Noticed an ogre
  3457 | D:4      | XOM: give mutations
  3457 | D:4      | Gained mutation: You can breathe flames. [Xom's grace]
  3457 | D:4      | Gained mutation: You are agile. (Dex +2) [Xom's grace]
  3457 | D:4      | Gained mutation: You can spit poison. [Xom's grace]
  3482 | D:4      | Noticed an orc warrior
  3483 | D:4      | Killed an ogre
  3483 | D:4      | Reached XP level 6. HP: 45/48 MP: 6/6
  3492 | D:4      | Reached skill level 4 in Maces & Flails
  3590 | D:4      | XOM: vitrification
  3692 | D:4      | Noticed an ogre
  3698 | D:4      | XOM: confuse monster(s)
  3700 | D:4      | XOM: summons friendly red devil
  3701 | D:4      | XOM: god gift: murky inky potion
  3703 | D:4      | Killed an ogre
  3744 | D:4      | Killed an orc warrior
  4045 | D:5      | Entered Level 5 of the Dungeon
  4064 | D:5      | Gained mutation: You are partially covered in sharp spines. [demonic ancestry]
  4064 | D:5      | Reached XP level 7. HP: 48/53 MP: 7/7
  4224 | D:5      | Found a glowing silver altar of Zin.
  4239 | D:5      | Found a deep blue altar of Sif Muna.
  4275 | D:5      | XOM: swap monsters
  4477 | D:5      | XOM: mild Pois miscast
  4482 | D:5      | Noticed Pikel
  4482 | D:5      | XOM: swap monsters
  4499 | D:5      | XOM: summons 3 friendly demons
  4504 | D:5      | XOM: divination: detect items
  4519 | D:5      | XOM: confusion
  4529 | D:5      | XOM: 1-stop teleportation journey
  4664 | D:5      | XOM: give mutations
  4664 | D:5      | Lost mutation: You can spit poison. [Xom's mischief]
  4664 | D:5      | Gained mutation: You are weak. (Str -2) [Xom's mischief]
  4664 | D:5      | Gained mutation: Your vision is a little blurry. [Xom's mischief]
  4664 | D:5      | Gained mutation: You are frail (-10% HP). [Xom's mischief]
  4674 | D:5      | XOM: potion effect (curing)
  4690 | D:5      | XOM: confuse monster(s)
  4694 | D:5      | XOM: destruction
  4709 | D:5      | Killed Pikel
  4709 | D:5      | Reached skill level 5 in Maces & Flails
  4709 | D:5      | Reached XP level 8. HP: 41/54 MP: 8/8
  4788 | D:5      | XOM: medium Chrm miscast
  4833 | D:5      | XOM: harmless Pois miscast
  4841 | D:5      | Reached skill level 5 in Armour
  5275 | D:6      | Noticed Blork the orc
  5287 | D:6      | Killed Blork the orc
  5329 | D:6      | XOM: 1-stop teleportation journey
  5345 | D:6      | Reached skill level 6 in Maces & Flails
  5453 | D:6      | XOM: polymorph wyvern -> wolf
  5465 | D:6      | XOM: confuse monster(s)
  5575 | D:6      | XOM: mild Trmt miscast
  5596 | D:6      | Reached skill level 5 in Shields
  5654 | D:6      | Noticed Dowan
  5658 | D:6      | Noticed Duvessa
  5684 | D:6      | Killed Duvessa
  5694 | D:6      | Killed Dowan
  5933 | D:6      | Found a glowing golden altar of the Shining One.
  5934 | D:6      | XOM: colour smoke trail
  5982 | D:6      | XOM: chaos upgrade
  6038 | D:6      | Noticed Crazy Yiuf
  6051 | D:6      | Killed Crazy Yiuf
  6185 | D:6      | Paralysed by a giant eyeball for 2 turns
  6212 | D:6      | XOM: enchant monster (bad)
  6227 | D:6      | XOM: swap monsters
  6232 | D:6      | XOM: blink monster(s)
  6260 | D:6      | Gained mutation: You are slightly more attuned to the shadows. [demonic ancestry]
  6260 | D:6      | Reached XP level 9. HP: 58/58 MP: 9/9
  6581 | D:7      | Noticed Sigmund
  6773 | D:7      | XOM: summons friendly ufetubus
  6786 | D:7      | Reached skill level 7 in Maces & Flails
  6792 | D:7      | XOM: silly message
  7006 | D:7      | XOM: divination: detect creatures
  7012 | D:7      | XOM: confuse monster(s)
  7038 | D:7      | XOM: enchant monster (good)
  7192 | D:7      | XOM: medium Fire miscast
  7207 | D:7      | XOM: give mutations
  7207 | D:7      | Gained mutation: Your mind is acute. (Int +2) [Xom's grace]
  7207 | D:7      | Gained mutation: Your digestive system is specialised to digest meat. [Xom's grace]
  7322 | D:7      | Found a bloodstained altar of Trog.
  7370 | D:7      | Found a staircase to the Ecumenical Temple.
  7456 | D:7      | Noticed Edmund
  7475 | D:7      | Killed Edmund
  7514 | D:7      | XOM: divination: detect creatures
  7777 | D:7      | Killed Sigmund
  7804 | D:7      | XOM: confuse monster(s)
  7868 | D:8      | XOM: cast spell 'Tukima's Dance'
  7903 | D:8      | XOM: enchant monster (good)
  7920 | D:8      | Reached skill level 8 in Maces & Flails
  7971 | D:8      | Gained mutation: You have sharp toenails. [demonic ancestry]
  7971 | D:8      | Reached XP level 10. HP: 58/63 MP: 10/10
  8082 | D:8      | XOM: enchant monster (good)
  8198 | D:8      | XOM: mild Summ miscast
  8353 | D:8      | XOM: confuse monster(s)
  8359 | D:8      | XOM: 6-stop teleportation journey
  8750 | D:8      | Noticed a cyclops
  8753 | D:8      | XOM: summons 10 friendly demons
  8761 | D:8      | Killed a cyclops
  8781 | D:9      | XOM: summons 2 friendly demons
  8785 | D:9      | XOM: confuse monster(s)
  8977 | D:9      | Found a blossoming altar of Fedhas.
  9291 | D:10     | Entered Level 10 of the Dungeon
  9470 | D:10     | XOM: god gift: buckler {god gift}
  9574 | D:10     | XOM: enchant monster (good)
  9577 | D:10     | XOM: mild Conj miscast
  9647 | D:10     | XOM: god gift: scroll labeled SCHAOG MAZXUR
  9674 | D:10     | XOM: summons friendly shadow imp
  9685 | D:10     | Noticed runewalsh's ghost (experienced OpIE)
  9687 | D:10     | XOM: harmless Chrm miscast
  9847 | D:11     | XOM: summons friendly iron imp
  9862 | D:11     | XOM: silly message
  9864 | D:11     | Noticed a hill giant
  9880 | D:11     | Noticed a mana viper
  9880 | D:11     | a yak changed into a mana viper
  9880 | D:11     | XOM: polymorph yak -> mana viper
  9882 | D:11     | Found Gahaim's Assorted Antiques.
  9882 | D:11     | Noticed a hill giant
  9883 | D:11     | Found Lacuiggo's Gadget Shoppe.
  9897 | D:11     | Found a frozen archway.
  9897 | D:11     | XOM: 1-stop teleportation journey
  9907 | D:11     | XOM: swap weapons
  9907 | D:11     | Slain by a kobold

Action                   |  1- 3 |  4- 6 |  7- 9 | 10-12 || total
-------------------------+-------+-------+-------+-------++-------
Melee: Mace              |   113 |   191 |   221 |       ||   525
       Unarmed           |       |     6 |       |       ||     6
       Whip              |       |       |   468 |    74 ||   542
       Morningstar       |       |       |       |   211 ||   211
 Fire: Blowgun           |       |     2 |    16 |       ||    18
Throw: Dart              |     7 |       |     1 |       ||     8
 Abil: Evoke Flight      |     1 |     1 |       |       ||     2
       Spit Poison       |       |     3 |       |       ||     3
       Breathe Fire      |       |     1 |    14 |     6 ||    21
Evoke: Wand              |       |       |     7 |     4 ||    11
  Use: Potion            |     4 |     1 |     5 |     3 ||    13
       Scroll            |       |     7 |     8 |     6 ||    21
 Stab: Paralysed         |     8 |       |     1 |       ||     9
       Confused          |       |     2 |     1 |     1 ||     4
       Sleeping          |       |     1 |       |       ||     1
       Distracted        |       |       |       |     1 ||     1
